 Dungeon Crawl Stone Soup version 0.23.2-1-ga50397a6bc (webtiles) character file.

Game seed: 6019333256731553490

86067 Peloso the Peltast (level 15, -37/139 HPs)
             Began as a Minotaur Fighter on May 11, 2019.
             Was the Champion of Okawaru.
             Killed from afar by a fire giant (44 damage)
             ... with a fireball
             ... on level 15 of the Dungeon.
             The game lasted 01:02:44 (24607 turns).

Peloso the Peltast (Minotaur Fighter)              Turns: 24607, Time: 01:02:45

Health: -37/139    AC: 21    Str: 28    XL:     15   Next: 39%
Magic:  15/15      EV: 11    Int:  5    God:    Okawaru [******]
Gold:   2113       SH: 16    Dex: 16    Spells: 14/14 levels left

rFire    . . .     SeeInvis .   a - +10 demon blade "Goblinslayer" {pain, MR+}
rCold    . . .     Gourm    .   c - +0 shield
rNeg     . . .     Faith    .   S - +1 plate armour of Generosity {rPois} (curse)
rPois    +         Spirit   .   o - +1 hat
rElec    .         Reflect  .   z - +0 cloak {rPois}
rCorr    .         Harm     .   m - +0 pair of gloves
MR       ++...                  (no boots)
Stlth    ..........             T - amulet of the Queen {+Rage Dex+3 Slay+3}
HPRegen  0.33/turn              (no ring)
MPRegen  0.14/turn              L - +4 ring of strength

@: very slightly contaminated
A: retaliatory headbutt, horns 2
a: Heroism, Finesse, Renounce Religion, Evoke Berserk Rage


You were on level 15 of the Dungeon.
You worshipped Okawaru.
Okawaru was exalted by your worship.
You were hungry.

You visited 3 branches of the dungeon, and saw 22 of its levels.
You also visited: Sewer and Ice Cave.

You collected 2145 gold pieces.
You spent 32 gold pieces at shops.

Inventory:

Hand Weapons
 a - the +10 demon blade "Goblinslayer" (weapon) {pain, MR+}
   (Okawaru gifted it to you on level 6 of the Lair of Beasts)

   In the hands of one skilled in necromantic magic, it inflicts extra damage on
   living creatures.
   It affects your resistance to hostile enchantments.
 b - the +5 scimitar "Spiderslayer" {antimagic, +Blink Str+3}
   (Okawaru gifted it to you on level 1 of the Lair of Beasts)

   It reduces the magical energy of the wielder, and disrupts the spells and
   magical abilities of those hit.
   Natural abilities and divine invocations are not affected.
   It affects your strength (+3).
   It lets you blink.
 q - a +2 dagger of flaming
 v - the +10 mace of False Accusations {crush, rPois Str+2 Stlth+, unknown}
   (You found it on level 4 of the Lair of Beasts)

   It inflicts extra damage upon your enemies.
   It affects your strength (+2).
   It protects you from poison.
   It makes you more stealthy.
 X - a +2 demon blade of electrocution
Armour
 c - a +0 shield (worn)
 i - a +0 plate armour
 m - a +0 pair of gloves (worn)
 o - a +1 hat (worn)
 z - a +0 cloak of poison resistance (worn)
 S - the cursed +1 plate armour of Generosity (worn) {rPois}
   (You found it on level 14 of the Dungeon)

   It protects you from poison.
   It has a curse placed upon it.
Jewellery
 p - an uncursed ring of see invisible
 B - an uncursed ring of protection from magic
 K - an uncursed ring of poison resistance
 L - a +4 ring of strength (right hand)
 O - an uncursed ring of flight
 P - an uncursed ring of protection from magic
 T - the amulet of the Queen (around neck) {+Rage Dex+3 Slay+3}
   (You found it in an ice cave)

   [amulet of rage]

   It affects your dexterity (+3).
   It affects your accuracy and damage with ranged weapons and melee attacks
   (+3).
   It lets you go berserk.
 U - an uncursed ring of protection from cold
Wands
 e - a wand of disintegration (47)
 t - a wand of digging (7)
 A - a wand of clouds (4)
 W - a wand of acid (9)
Scrolls
 g - 4 scrolls of amnesia
 k - 6 scrolls of fear
 l - 3 scrolls of vulnerability {unknown}
 n - 9 scrolls of teleportation
 s - a scroll of blinking
 w - 4 scrolls of enchant armour {unknown}
 x - 3 scrolls of remove curse
 y - 9 scrolls of magic mapping
 C - 3 scrolls of fog {unknown}
 D - 3 scrolls of enchant weapon {unknown}
 E - 5 scrolls of random uselessness {unknown}
 F - 2 scrolls of summoning {unknown}
 G - 2 scrolls of brand weapon {unknown}
 I - 7 scrolls of immolation {unknown}
 N - 2 scrolls of holy word {unknown}
 Y - a scroll of noise {unknown}
Potions
 d - 4 potions of might
 h - 4 potions of agility
 j - 5 potions of heal wounds
 r - a potion of magic
 u - 9 potions of curing
 J - 2 potions of mutation
 M - 2 potions of invisibility
 Q - a potion of flight
 R - 3 potions of haste {unknown}
Comestibles
 f - 43 rations


   Skills:
 + Level 14.3 Fighting
 + Level 4.7(11.4) Short Blades
 + Level 16.8(17.1) Long Blades
 + Level 14.2 Armour
 + Level 4.5 Dodging
 + Level 1.8 Stealth
 + Level 17.2 Shields
 + Level 2.3 Invocations
 + Level 0.6 Evocations


You had 14 spell levels left.
You didn't know any spells.
Your spell library contained the following spells:

 Spells                   Type           Power        Failure   Level  Hunger
 Confusing Touch          Hex            #.....       98%         1    ##.....
 Corona                   Hex            #......      98%         1    ##.....
 Magic Dart               Conj           #...         98%         1    ##.....
 Ensorcelled Hibernation  Hex/Ice        #.....       99%         2    ###....
 Searing Ray              Conj           #.....       99%         2    ###....
 Confuse                  Hex            #.......     100%        3    ####...
 Dazzling Spray           Conj/Hex       #.....       100%        3    ####...
 Gell's Gravitas          Tloc           #.........   100%        3    ####...
 Ignite Poison            Fire/Tmut/Pois #.......     100%        3    ####...
 Tukima's Dance           Hex            #.......     100%        3    ####...
 Force Lance              Conj/Tloc      #.......     100%        4    #####..
 Fulminant Prism          Conj/Hex       #.........   100%        4    #####..
 Iskenderun's Mystic Bla  Conj           #.......     100%        4    #####..
 Petrify                  Tmut/Erth      #.......     100%        4    #####..
 Fireball                 Conj/Fire      #.........   100%        5    ######.
 Metabolic Englaciation   Hex/Ice        #.........   100%        5    ######.
 Yara's Violent Unravell  Hex/Tmut       #.........   100%        5    ######.
 Bolt of Fire             Conj/Fire      #.........   100%        6    #######
 Ring of Flames           Chrm/Fire      #.........   100%        7    #######
 Ignition                 Fire           #.........   100%        8    #######


Dungeon Overview and Level Annotations

Branches:
Dungeon (15/15)            Temple (1/1) D:6            Lair (6/6) D:9
  Swamp (0/4) Lair:3        Snake (0/4) Lair:3        Slime (0/5) Lair:5
    Orc (0/2) D:12         Vaults (0/5) D:14         Depths (0/5) D:15

Altars:
Dithmenos
Elyvilon
Gozag
Hepliaklqana
Kikubaaqudgha
Makhleb
Nemelex Xobeh
Okawaru
Qazlal
Ru
Sif Muna
Trog
Vehumet
Wu Jian
Yredelemnul
Zin
The Shining One
Beogh
Jiyva

Shops:
D:9 (   D:11 =   D:14 %


Innate Abilities, Weirdness & Mutations

You reflexively headbutt those who attack you in melee.
You have a pair of horns on your head.


Message History

The fireball explodes!
The fireball engulfs you!!
The fire giant gestures at you while chanting.
The fireball explodes!
The fireball engulfs you!!!
* * * LOW HITPOINT WARNING * * *
The fire giant gestures at you while chanting.
The fireball explodes!
The fireball engulfs you!!
* * * LOW HITPOINT WARNING * * *
Blink to where?
Press: ? - help, Dir - move target cursor You are very lightly contaminated with residual magic.
As you read the scroll of blinking, it crumbles to dust.
You start resting.
The fire giant is too close now for your liking.
A fire giant is nearby!
A fire giant is nearby!
Found a potion of curing.
There is a stone staircase leading up here.
The fire giant casts a spell at you.
The fireball explodes!
The fireball engulfs you!!!
You die...

##............##........
#..#.#.###.#### #..[...[
########.##.(...#C.#########.##
#......#.###.##............#.#
#....).#.# #........######.#.##
#......#.# #####.##.# #....#
#......#.# ##..##..# ##.#)#
#<.....#.#####..###...# #.#)#
#............#@## ##..#####.#(#
#.....^#..##...### #........(#
#......##.####...# #.#####.((
#####รท###.## #.#.## #...
#.###..###.#..# ##...
#..###..##.##.## ##....
##.####.#..##..# ####..#..
#...##...####.####....###.
###.##.### ##......#### #.


You could see a fire giant.

Vanquished Creatures
  Gastronok (Lair:3)
  Snorg (Lair:3)
  9 hydras
  2 ice dragons (IceCv)
  A vault guard (D:14)
  5 two-headed ogres
  2 centaur warriors (D:13)
  An alligator (Lair:6)
  A tengu warrior (D:13)
  A queen ant (D:9)
  Sonja (D:10)
  3 skeletal warriors
  Nergalle (Lair:3)
  3 unseen horrors
  2 wizards (D:14)
  2 necromancers (D:14)
  Pikel (D:4)
  A wolf spider (Lair:6)
  2 cyclopes
  An oklob plant (Lair:1)
  A deep elf mage (D:12)
  9 ugly things
  Joseph (D:9)
  8 elephants (Lair:6)
  A torpor snail (Lair:3)
  2 ice statues (IceCv)
  3 black mambas
  6 spiny frogs
  7 komodo dragons
  7 rime drakes
  2 kobold demonologists
  A yaktaur (D:14)
  3 tengu conjurers
  3 meliai (D:13)
  10 polar bears
  5 trolls
  2 hornets
  A raiju (Lair:6)
  9 blink frogs
  Prince Ribbit (D:5)
  4 slime creatures (D:12)
  15 hippogriffs
  Sigmund (D:3)
  3 wraiths
  A spriggan (D:14)
  12 wyverns
  A vampire (D:14)
  12 basilisks
  47 yaks
  A hog (shapeshifter) (D:14)
  20 humans (D:14)
  6 vampire mosquitoes
  2 hungry ghosts
  4 insubstantial wisps (Lair:3)
  7 wargs
  2 nagas (Lair:3)
  6 water moccasins
  7 soldier ants
  17 hell hounds
  6 orc warriors
  10 porcupines
  3 sky beasts
  17 black bears
  An eye of draining (D:10)
  17 ice beasts
  A black bear (shapeshifter) (D:13)
  2 phantoms
  17 wolves (Lair:6)
  A necrophage (D:11)
  6 ogres
  5 centaurs
  12 crocodiles
  5 big kobolds (D:15)
  A wyvern zombie (D:11)
  18 bullfrogs
  3 scorpions
  16 killer bees
  10 wights
  2 electric eels (Lair:5)
  3 vampire bats
  12 howler monkeys
  9 crimson imps
  6 centaur zombies
  2 quasits
  4 hounds
  5 jellies
  9 orc priests
  4 centaur skeletons
  7 iguanas
  13 orc wizards
  23 worker ants
  11 hell rats (Lair:2)
  A hound skeleton (D:10)
  A worker ant zombie (D:11)
  9 river rats (Lair:2)
  14 adders
  11 shadow imps
  12 white imps (Lair:2)
  An ooze (D:4)
  An adder skeleton (D:7)
  An adder zombie (D:7)
  8 worms
  2 dart slugs (D:1)
  3 leopard geckos
  83 orcs
  10 bats
  A bat skeleton (D:2)
  3 bat zombies (D:2)
  4 giant cockroaches
  6 hobgoblins
  12 jackals
  8 quokkas
  6 ball pythons
  7 frilled lizards
  2 goblins
  17 kobolds
  A quokka skeleton (D:8)
  25 rats
  A fungus (Lair:1)
  3 plants
805 creatures vanquished.

Vanquished Creatures (others)
  Eustachio (D:4)
  An orc wizard (D:7)
  An adder (D:6)
  11 fungi
  12 plants
26 creatures vanquished.

Grand Total: 831 creatures vanquished

Notes
Turn   | Place    | Note
-------+----------+-------------------------------------------
     0 | D:1      | Peloso the Minotaur Fighter began the quest for the Orb.
     0 | D:1      | Reached XP level 1. HP: 19/19 MP: 0/0
   230 | D:1      | Reached XP level 2. HP: 24/27 MP: 1/1
   440 | D:1      | Reached skill level 4 in Shields
  1335 | D:2      | Reached XP level 3. HP: 24/33 MP: 2/2
  1345 | D:2      | Found a radiant altar of Vehumet.
  1345 | D:2      | Found a glowing golden altar of the Shining One.
  1345 | D:2      | Found a sacrificial altar of Ru.
  1728 | D:2      | Reached XP level 4. HP: 35/41 MP: 3/3
  1817 | D:2      | Found an ancient bone altar of Kikubaaqudgha.
  1832 | D:2      | Reached XP level 5. HP: 44/47 MP: 4/4
  1944 | D:3      | Found a glowing drain.
  1993 | Sewer    | Entered a sewer
  3086 | D:3      | Reached skill level 5 in Shields
  3210 | D:3      | Reached skill level 5 in Long Blades
  3210 | D:3      | Reached XP level 6. HP: 4/53 MP: 5/5
  3522 | D:3      | Noticed Sigmund
  3533 | D:3      | Killed Sigmund
  3533 | D:3      | Reached skill level 5 in Armour
  3533 | D:3      | Reached skill level 1 in Dodging
  3949 | D:4      | Noticed an ice beast
  3968 | D:4      | Killed an ice beast
  3968 | D:4      | Reached skill level 5 in Fighting
  3968 | D:4      | Reached XP level 7. HP: 44/61 MP: 6/6
  4048 | D:4      | Found a sparkling altar of Nemelex Xobeh.
  4062 | D:4      | Found a glowing silver altar of Zin.
  4248 | D:4      | Noticed Eustachio
  4249 | D:4      | Noticed Pikel
  4299 | D:4      | Killed Pikel
  4299 | D:4      | Reached skill level 6 in Shields
  4299 | D:4      | Reached XP level 8. HP: 51/69 MP: 7/7
  4316 | D:4      | Killed Eustachio
  4605 | D:5      | Entered Level 5 of the Dungeon
  4729 | D:5      | Noticed Prince Ribbit
  4747 | D:5      | Killed Prince Ribbit
  4747 | D:5      | Reached skill level 7 in Shields
  5063 | D:5      | You fall through a shaft for 3 floors!
  5067 | D:8      | Noticed a hornet
  5097 | D:8      | Killed a hornet
  5437 | D:8      | Reached XP level 9. HP: 75/75 MP: 8/8
  5543 | D:8      | Reached skill level 8 in Shields
  6783 | D:7      | Reached skill level 10 in Long Blades
  6812 | D:7      | Reached skill level 9 in Shields
  7413 | D:6      | Reached XP level 10. HP: 85/88 MP: 9/9
  7531 | D:6      | Found a staircase to the Ecumenical Temple.
  7540 | Temple   | Entered the Ecumenical Temple
  7555 | Temple   | Became a worshipper of Warmaster Okawaru
  8365 | D:5      | Found a white marble altar of Elyvilon.
  8432 | D:5      | Found a basalt altar of Yredelemnul.
  8838 | D:9      | Found a hazy altar of Hepliaklqana.
  8919 | D:9      | Reached * piety under Okawaru
  8934 | D:9      | Found a staircase to the Lair.
  8947 | D:9      | Reached skill level 10 in Shields
  8956 | D:9      | Noticed Joseph
  8990 | D:9      | Killed Joseph
  8990 | D:9      | Reached ** piety under Okawaru
  9292 | D:9      | Reached *** piety under Okawaru
  9306 | D:9      | Noticed a queen ant
  9322 | D:9      | Killed a queen ant
  9322 | D:9      | Reached XP level 11. HP: 61/97 MP: 10/10
  9369 | D:9      | Found Homuk's Weapon Boutique.
  9437 | D:9      | Noticed a two-headed ogre
  9448 | D:9      | Killed a two-headed ogre
  9448 | D:9      | Reached **** piety under Okawaru
  9448 | D:9      | Reached skill level 11 in Shields
  9866 | D:10     | Entered Level 10 of the Dungeon
  9893 | D:10     | Found a roughly hewn altar of Beogh.
 10191 | D:10     | Reached skill level 10 in Armour
 10335 | D:10     | Reached ***** piety under Okawaru
 10367 | D:10     | Noticed Sonja
 10373 | D:10     | Killed Sonja
 10378 | D:10     | Noticed a two-headed ogre
 10385 | D:10     | Killed a two-headed ogre
 10584 | D:11     | Found Qiofiuco's Jewellery Shoppe.
 10592 | D:11     | Bought a cursed amulet of inaccuracy for 32 gold pieces
 10771 | D:11     | Reached skill level 12 in Shields
 10829 | D:11     | Noticed a red ugly thing
 10840 | D:11     | Killed a red ugly thing
 10881 | D:11     | Noticed a five-headed hydra
 10897 | D:11     | Noticed a green ugly thing
 10907 | D:11     | Killed a five-headed hydra
 10907 | D:11     | Reached skill level 10 in Fighting
 10932 | D:11     | Killed a green ugly thing
 10932 | D:11     | Received a gift from Okawaru
 10932 | D:11     | Reached skill level 1 in Short Blades
 10939 | D:11     | Got a shimmering longbow {god gift}
 11159 | D:11     | Reached XP level 12. HP: 101/106 MP: 11/11
 11473 | D:12     | You fall through a shaft!
 11519 | D:13     | Reached skill level 1 in Invocations
 11864 | D:12     | Reached skill level 1 in Stealth
 12095 | D:12     | Found a staircase to the Orcish Mines.
 12178 | D:12     | Noticed a two-headed ogre
 12201 | D:12     | Killed a two-headed ogre
 12844 | D:12     | Reached ****** piety under Okawaru
 12987 | D:12     | Reached skill level 13 in Shields
 13170 | Lair:1   | Entered Level 1 of the Lair of Beasts
 13187 | Lair:1   | Received a gift from Okawaru
 13192 | Lair:1   | Got a smoking scimitar {god gift}
 13193 | Lair:1   | Identified the +5 scimitar "Spiderslayer" {antimagic,
                  | +Blink Str+3} (Okawaru gifted it to you on level 1 of the
                  | Lair of Beasts)
 13695 | Lair:2   | Found a frozen archway.
 13728 | IceCv    | Entered an ice cave
 14678 | IceCv    | Noticed an ice dragon
 14678 | IceCv    | Noticed an ice dragon
 14749 | IceCv    | Killed an ice dragon
 14762 | IceCv    | Killed an ice dragon
 14762 | IceCv    | Received a gift from Okawaru
 14762 | IceCv    | Reached XP level 13. HP: 39/117 MP: 3/13
 15037 | IceCv    | Got a translucent golden amulet
 15038 | IceCv    | Identified the amulet of the Queen {+Rage Dex+3 Slay+3}
                  | (You found it in an ice cave)
 15346 | Lair:1   | Identified the +7 longbow "Giase" {velocity, Dex+3}
                  | (Okawaru gifted it to you on level 11 of the Dungeon)
 15734 | Lair:2   | Reached skill level 14 in Shields
 16425 | Lair:3   | Found a staircase to the Swamp.
 16457 | Lair:3   | Noticed Snorg
 16473 | Lair:3   | Killed Snorg
 16473 | Lair:3   | Reached skill level 15 in Long Blades
 16597 | Lair:3   | Noticed Nergalle
 16619 | Lair:3   | Killed Nergalle
 17142 | Lair:3   | Found a staircase to the Snake Pit.
 17231 | Lair:3   | Noticed Gastronok
 17253 | Lair:3   | Killed Gastronok
 17253 | Lair:3   | Received a gift from Okawaru
 17903 | Lair:4   | Reached skill level 15 in Shields
 17921 | Lair:4   | Got a dazzling mace
 18541 | Lair:5   | Received a gift from Okawaru
 18562 | Lair:5   | Reached XP level 14. HP: 81/127 MP: 5/14
 19289 | Lair:5   | Found a staircase to the Slime Pits.
 19289 | Lair:5   | Found a viscous altar of Jiyva.
 19442 | Lair:6   | Entered Level 6 of the Lair of Beasts
 20828 | Lair:6   | Reached skill level 16 in Shields
 21332 | Lair:6   | Received a gift from Okawaru
 21337 | Lair:6   | Got a steaming demon blade {god gift}
 21338 | Lair:6   | Identified the +10 demon blade "Goblinslayer" {pain, MR+}
                  | (Okawaru gifted it to you on level 6 of the Lair of Beasts)
 22596 | D:14     | Received a gift from Okawaru
 22596 | D:14     | Reached XP level 15. HP: 75/137 MP: 15/15
 23013 | D:14     | Got a crude plate armour
 23024 | D:14     | Identified the cursed +1 plate armour of Generosity {rPois}
                  | (You found it on level 14 of the Dungeon)
 23054 | D:14     | Found Etoefig's Food Shoppe.
 23456 | D:14     | Received a gift from Okawaru
 23628 | D:14     | Reached skill level 17 in Shields
 23646 | D:14     | Found a gate to the Vaults.
 24240 | D:15     | Entered Level 15 of the Dungeon
 24314 | D:15     | Found a staircase to the Depths.
 24314 | D:15     | Noticed a fire giant
 24591 | D:15     | HP: 1/139 [fire giant/fireball (23)]
 24607 | D:15     | Killed from afar by a fire giant

Skill      XL: |  1  2  3  4  5  6  7  8  9 10 11 12 13 14 15 |
---------------+----------------------------------------------+-----
Fighting       | 4 5 6 7 9 10 11 12 13 14 | 14.3
Shields        | 4 5 6 7 9 10 12 13 15 16 17 | 17.2
Armour         | 4 5 7 8 9 10 11 12 13 14 | 14.2
Long Blades    | 3 4 5 6 7 9 10 11 13 14 15 16 | 16.8
Dodging        | 1 2 3 4 |  4.5
Short Blades   | 1 2 4 |  4.7
Invocations    | 1 2 |  2.3
Stealth        | 1 |  1.8
Evocations     | |  0.6

Action                   |  1- 3 |  4- 6 |  7- 9 | 10-12 | 13-15 || total
-------------------------+-------+-------+-------+-------+-------++-------
Melee: Long sword        |    91 |   259 |    70 |       |       ||   420
       Headbutt          |    16 |    59 |    81 |   210 |   329 ||   695
       Falchion          |       |       |   319 |   708 |       ||  1027
       Dagger            |       |       |       |    10 |    51 ||    61
       Scimitar          |       |       |       |   142 |   665 ||   807
       Demon blade       |       |       |       |       |   302 ||   302
Invok: Heroism           |       |       |       |     7 |     9 ||    16
       Finesse           |       |       |       |     1 |       ||     1
 Abil: Evoke Flight      |       |       |       |       |     1 ||     1
Evoke: Wand              |       |       |       |     2 |     2 ||     4
  Use: Scroll            |       |     4 |     7 |     6 |     6 ||    23
       Potion            |       |     1 |       |     3 |       ||     4
 Stab: Distracted        |       |       |       |       |     1 ||     1
  Eat: Chunk             |     2 |     8 |    12 |    19 |    27 ||    68
       Ration            |       |       |       |     2 |     1 ||     3
Armor: Scale mail        |    48 |    80 |       |       |       ||   128
       Chain mail        |       |    10 |   139 |     6 |       ||   155
       Plate armour      |       |       |       |   283 |   471 ||   754
Dodge: Dodged            |    32 |    42 |    76 |   189 |   317 ||   656
Block: Shield            |    51 |   106 |   189 |   438 |   804 ||  1588
       Rpst.: Long sword |     6 |     8 |     2 |       |       ||    16
       Falchion          |       |       |    18 |    41 |       ||    59
       Scimitar          |       |       |       |     6 |    44 ||    50
       Demon blade       |       |       |       |       |    17 ||    17
